 Dungeon Crawl Stone Soup version 0.26-a0-1040-gbe3abf3417 (webtiles) character file.

Game seed: 1097585641256567646

6 Dracia the Sneak (level 1, 0/10 HPs)
             Began as a Felid Delver on Dec 12, 2020.
             Succumbed to poison (a dart trap)
             ... in an ossuary.
             The game lasted 00:01:22 (507 turns).

Dracia the Sneak (Felid Delver)                      Turns: 507, Time: 00:01:23

Health: 0/10       AC:  1    Str:  8    XL:     1   Next: 75%
Magic:  2/2        EV: 18    Int: 11    God:
Gold:   0          SH:  0    Dex: 17    Spells: 0/0 levels left
                                        Lives:  0   Deaths: 0

rFire    . . .     SeeInvis +     - Unarmed
rCold    . . .     Faith    .   (shield unavailable)
rNeg     . . .     Spirit   .   (armour unavailable)
rPois    .         Reflect  .   (helmet unavailable)
rElec    .         Harm     .   (cloak unavailable)
rCorr    .         Rampage  .   (gloves unavailable)
Will     .....                  (boots unavailable)
Stlth    ++++......             (no amulet)
HPRegen  0.03/turn              (no ring)
MPRegen  0.08/turn              (no ring)

@: lethally poisoned (0 -> -12), hasted, very quick
A: very small, no armour, no weapons or thrown items, stealth, claws 1, fangs 3,
see invisible, speed 1, shaggy fur 1, sharp paws
a: no special abilities


You were in an ossuary.
You visited 1 branch of the dungeon, and saw 2 of its levels.
You also visited: Ossuary.


Innate Abilities, Weirdness & Mutations

You cannot wear armour.
You are incapable of wielding weapons or throwing items.
Your paws allow you to move quietly. (Stealth)
You have sharp claws.
You have razor-sharp teeth.
You have supernaturally acute eyesight. (SInv)
You cover ground quickly.
You are covered in fur. (AC +1)
Your sharp claws are effective at attacking unaware monsters.


   Skills:
 - Level 3.0 Fighting
 - Level 2.6 Dodging
 + Level 6.8 Stealth
 + Level 2.3 Unarmed Combat


You couldn't memorise any spells.
You didn't know any spells.
Your spell library was empty.

Inventory:

Wands
 e - a wand of digging (3)
Scrolls
 a - a scroll of fog
 c - a scroll of fear

Dungeon Overview and Level Annotations

Branches:
Dungeon (5/15)             Temple (0/1) D:4         Ossuary (1/1)

Altars:

#...#
#...#
#...#
#...#
###'#
#.^^#
#.^.#
#^^.#
#@^.#
#Z###
#..
#...
#...#
#####


You could see an orc zombie.


Message History

You feel sick.
Really walk into that dart trap? [Y]es or [N]o only, please.
Really walk into that dart trap? [Y]es or [N]o only, please.
Really walk into that dart trap?
A poisoned dart shoots out and hits you!
There is a dart trap here.
You feel sick.
As you open the door, it creaks loudly! 3 zombies come into view.
You completely miss the orc zombie. You bite the orc zombie.
The orc zombie is severely damaged.
You scratch the orc zombie.
You destroy the orc zombie!
* * * LOW HITPOINT WARNING * * *
You feel sick.
You claw the hobgoblin zombie!
The hobgoblin zombie is almost destroyed.
The hobgoblin zombie hits you.
* * * LOW HITPOINT WARNING * * *
You are too injured to fight recklessly!
You scratch the hobgoblin zombie.
You destroy the hobgoblin zombie!
You scratch the orc zombie.
The orc zombie is heavily damaged.
You barely miss the orc zombie.
You bite the orc zombie, but do no damage.
The orc zombie is heavily damaged.
You die...

Action                   || total
-------------------------++-------
Melee: Unarmed           ||    24
       Bite              ||     6
  Use: Scroll            ||     1
       Potion            ||     1
 Stab: Sleeping          ||     1
Dodge: Dodged            ||    26

Levels and vault maps discovered:
D:4:      layout_rooms, minmay_temple_entry_proselytizer,
          nicolae_ossuary_entry_false_entrances
D:5:      layout_basic, serial_shops, shop, uniq_ijyb
Ossuary:  ossuary_tomb_2

Notes
Turn   | Place    | Note
-------+----------+-------------------------------------------
     0 | D:5      | Dracia the Felid Delver began the quest for the Orb.
     0 | D:5      | Reached XP level 1. HP: 10/10 MP: 2/2
     3 | D:5      | Noticed an ice beast
     4 | D:5      | Noticed a scorpion
    45 | D:4      | Noticed a worker ant
    66 | D:4      | Noticed a hound
    96 | D:4      | Found a sand-covered staircase.
   100 | Ossuary  | Entered an ossuary
   504 | Ossuary  | HP: 1/10 [hobgoblin zombie (4)]
   507 | Ossuary  | Succumbed to poison (a dart trap)

Vanquished Creatures
  A quokka (D:4)
  3 hobgoblin zombies (Ossuary)
  A kobold zombie (Ossuary)
  2 orc zombies (Ossuary)
  A quokka zombie (D:5)
8 creatures vanquished.

Table legend: (Time is in decaauts)
 A = Elapsed time spent in this place.
 B = Non-inter-level travel time spent in this place.
 C = Inter-level travel time spent in this place.
 D = Time resting spent in this place.
 E = Time spent auto-exploring this place.
 F = Levels seen in this place.
 G = Mean time per level.
                   A        B        C        D        E       F      G
               +--------+--------+--------+--------+--------+-----+--------+
         Total |    481 |    481 |      0 |    367 |      2 |   3 |  160.3 |
       Dungeon |     82 |     82 |      0 |      0 |      1 |   2 |   41.0 |
       Ossuary |    399 |    399 |      0 |    367 |      0 |   1 |  399.0 |
               +--------+--------+--------+--------+--------+-----+--------+

Top non-repeatable levels by time:
 Ossuary: 399 daAuts
     D:4: 49 daAuts
     D:5: 33 daAuts

Table legend:
 A = Non-vault XP
 B = Vault XP
 C = Vault XP percentage of total XP
 D = Non-vault monster count
 E = Vault monster count
 F = Vault count percentage of total count
                 A         B        C        D         E       F
            +---------+---------+-------+---------+---------+-------
      Total |       3 |       6 |  66.7 |       2 |       6 |  75.0
            +---------+---------+-------+---------+---------+-------
        D:4 |       2 |       0 |   0.0 |       1 |       0 |   0.0
        D:5 |       1 |       0 |   0.0 |       1 |       0 |   0.0
    Ossuary |       0 |       6 | 100.0 |       0 |       6 | 100.0
            +---------+---------+-------+---------+---------+-------
